AoeStats
← TheQuietRiot

Hideout

507570907Analyzed
1v1 RM · 13d ago on Sep 18, 2026· 38m 23s· 2 players
Game mode
Random Map
Map size
Tiny (2 player)
Population
200
Speed
Normal
Resources
Standard
Victory
Conquest
Starting age
Dark Age
Ending age
Imperial Age
RankedLock teamsTeams togetherTeam positionsShared explorationLock speedFull tech treeHidden civsTurbo modeCheats
Victory
Defeat
🇵🇪 Japanese · Peru
1039
+15
🇬🇧 Britons · United Kingdom
1016
-15
TheQuietRiot
7:27 Loom
9:51 Feudal Age
10:16 Double-Bit Axe
10:16 Horse Collar
16:41 Castle Age
15:08 Gold Mining
16:02 Fletching
17:05 Stone Mining
16:44 Crossbowman
18:59 Forging
18:13 Light Cavalry
22:21 Heavy Plow
29:50 Wheelbarrow
pdltu
10:35 Feudal Age
20:25 Castle Age
18:52 Fletching
19:25 Padded Archer Armor
20:24 Double-Bit Axe
20:22 Horse Collar
20:33 Crossbowman
20:35 Elite Skirmisher
21:17 Gambesons
21:19 Arson
23:12 Bodkin Arrow
28:08 Pikeman
29:12 Forging
29:49 Squires
31:20 Loom
31:58 Scale Barding Armor
35:35 Leather Archer Armor
35:50 Scale Mail Armor
35:11 Man-at-Arms
37:50 Chain Barding Armor
Connection lost

Rejoining the realm…

Still unreachable

The connection could not be restored.

Session expired

The server has moved on; the page needs a fresh start.